 Dungeon Crawl Stone Soup version 0.28.0-53-g5a82cb258f (webtiles) character file.

Game seed: 10164961191568162141

76 issech the Chopper (level 4, -1/40 HPs)
             Began as a Minotaur Monk on June 12, 2022.
             Killed from afar by an orc wizard (9 damage)
             ... with a magic dart
             ... on level 3 of the Dungeon.
             The game lasted 00:04:56 (2250 turns).

issech the Chopper (Minotaur Monk)                  Turns: 2250, Time: 00:04:57

Health: -1/40      AC:  7    Str: 15    XL:     4   Next: 12%
Magic:  3/3        EV:  8    Int:  7    God:
Gold:   61         SH: 16    Dex: 15    Spells: 3/3 levels left

rFire   . . .      SeeInvis .   s - +1 dagger (freeze)
rCold   . . .      Faith    .   x - +0 tower shield
rNeg    . . .      Spirit   .   g - +0 leather armour
rPois   .          Reflect  +   (helmet restricted)
rElec   .          Harm     .   (no cloak)
rCorr   .          Rampage  .   (no gloves)
Will    .....                   (no boots)
Stlth   ++........              h - amulet of reflection
HPRegen 0.13/turn               r - +4 ring of protection
MPRegen 0.08/turn               (no ring)

@: no status effects
A: horns 2, retaliatory headbutt
a: no special abilities


You were on level 3 of the Dungeon.
You visited 1 branch of the dungeon, and saw 3 of its levels.

You collected 61 gold pieces.

Inventory:

Hand Weapons
 a - a +0 hand axe
 e - a +0 hunting sling
 i - a +0 dagger of holy wrath
 s - a +1 dagger of freezing (weapon)
 v - a +0 glaive
 y - a +0 great sword
Missiles
 d - 28 sling bullets
 m - 31 stones (quivered)
 n - 39 arrows
 q - 29 bolts
Armour
 b - a +0 robe
 g - a +0 leather armour (worn)
 x - a +0 tower shield (worn)
Magical Staves
 j - a staff of fire
Jewellery
 h - an amulet of reflection (around neck)
 r - a +4 ring of protection (left hand)
Wands
 w - a wand of digging (7)
Scrolls
 f - 2 scrolls of magic mapping {unknown}
 k - a scroll of enchant armour {unknown}
 o - 2 scrolls of identify {unknown}
 p - a scroll of immolation {unknown}
 t - a scroll of vulnerability {unknown}
 z - a scroll of fog {unknown}
Potions
 c - 2 potions of heal wounds {unknown}
 l - 2 potions of curing {unknown}
 u - a potion of magic {unknown}


   Skills:
 + Level 4.0 Fighting
 + Level 4.3 Axes
 + Level 1.0 Armour
 + Level 4.1 Dodging
 + Level 2.2 Stealth


You had 3 spell levels left.
You didn't know any spells.
Your spell library contained the following spells:

 Spells                   Type           Power      Damage    Failure   Level
 Slow                     Hex            0%         N/A       100%        1
 Confusing Touch          Hex            0%         N/A       100%        3
 Vampiric Draining        Necr           0%         2d6       100%        3


Dungeon Overview and Level Annotations

Branches:
Dungeon (3/15)

Altars:


Innate Abilities, Weirdness & Mutations

You have a pair of horns on your head.
You reflexively headbutt those who attack you in melee.


Message History

You closely miss something. You headbutt something.
Something hits you but does no damage. You block the orc's attack. x3
Something hits you. The orc barely misses you. You furiously retaliate!
You headbutt the orc. You hit something but do no damage.
Your headbutt misses something. The orc hits you with a +0 dagger.
The orc hits you with a +0 mace. Something hits you but does no damage.
The orc hits you with a +0 dagger. x2
The orc hits you with a +0 mace.
You hit the orc. You freeze the orc.
You kill the orc!
Something hits you. The orc closely misses you. You furiously retaliate!
You headbutt the orc!
You kill the orc!
You block the orc's attack.
You hear some strange, mumbled words.
Something tries to affect you, but you resist.
You hit the orc but do no damage. You block the orc's attack.
Something hits you but does no damage.
You hit the orc. You freeze the orc.
The orc is moderately wounded.
You block the orc's attack. Something hits you but does no damage.
You block the orc's attack. Something hits you.
* * * LOW HITPOINT WARNING * * *
You hit the orc but do no damage.
The orc is moderately wounded.
The orc hits you with a +0 mace.
* * * LOW HITPOINT WARNING * * *
Something hits you but does no damage.
You hit the orc. You freeze the orc.
The orc is severely wounded.
You block the orc's attack. Something hits you but does no damage.
The orc barely misses you. You furiously retaliate!
You headbutt the orc.
You kill the orc!
Something hits you.
* * * LOW HITPOINT WARNING * * *
You miss something. Your headbutt misses something.
You hear some strange, mumbled words.
A magic dart appears from out of thin air!
The magic dart hits you!
You die...

#...................#
#.....######.#......#
#.......##..........#
####.................
#.............
#........(....
#.............
##...))......#
##..@).....#.
#....{.......
#.............
#.............
#..........##.
#..........#
#............
#..........##


There were no monsters in sight!

Vanquished Creatures
  4 adders
  A dart slug (D:1)
  3 orcs (D:3)
  3 bats (D:1)
  An endoplasm (D:1)
  4 giant cockroaches
  3 hobgoblins (D:1)
  5 ball pythons
  3 frilled lizards
  5 kobolds
  5 rats
37 creatures vanquished.

Notes
Turn   | Place    | Note
-------+----------+-------------------------------------------
     0 | D:1      | issech the Minotaur Monk began the quest for the Orb.
     0 | D:1      | Reached XP level 1. HP: 19/19 MP: 0/0
   198 | D:1      | Found a faded altar of an unknown god.
   256 | D:1      | Reached XP level 2. HP: 27/27 MP: 1/1
  1199 | D:2      | Reached XP level 3. HP: 25/33 MP: 2/2
  2142 | D:3      | Reached XP level 4. HP: 39/40 MP: 3/3
  2240 | D:3      | Reached skill level 1 in Armour
  2250 | D:3      | Killed from afar by an orc wizard

Illustrated notes

Levels and vault maps discovered:
D:1:      amcnicky_arrival_feature_with_door, layout_loops_ring,
          dreamdust_ecumenical_altar_angels_and_demons, corner_web_ring,
          corexii_hall_statues_l
D:2:      layout_loops_corners
D:3:      minmay_diamond_boxcup, layout_rooms, gammafunk_temple_overflow_claw

Skill      XL: |  1  2  3  4 |
---------------+-------------+-----
Axes           | 4 |  4.3
Fighting       | 4 |  4.0
Stealth        | 2 |  2.2
Dodging        | 4 |  4.1
Armour         | 1 |  1.0

Action                   |  1- 3 |  4- 6 || total
-------------------------+-------+-------++-------
Melee: Hand axe          |    80 |       ||    80
       Headbutt          |     9 |     2 ||    11
       Punch             |     3 |       ||     3
       Dagger            |     7 |    15 ||    22
       Glaive            |     2 |       ||     2
Armor: Robe              |    13 |       ||    13
       Leather armour    |    16 |    14 ||    30
Dodge: Dodged            |    65 |     7 ||    72
Block: Other             |     6 |       ||     6
       Tower shield      |       |    22 ||    22
